 Dungeon Crawl Stone Soup version 0.29-a0-925-g0a7a3d12f8 (webtiles) character file.

Game seed: 8654887871005679717

16 mcwallace the Firebug (level 2, 0/16 HPs)
             Began as a Deep Elf Fire Elementalist on July 28, 2022.
             Succumbed to an adder's poison
             ... on level 2 of the Dungeon.
             The game lasted 00:01:49 (1140 turns).

mcwallace the Firebug (Deep Elf Fire Elementalist)  Turns: 1140, Time: 00:01:50

Health: 0/16       AC:  2    Str:  5    XL:     2   Next: 37%
Magic:  6/8        EV: 13    Int: 19    God:
Gold:   16         SH:  0    Dex: 15    Spells: 6/7 levels left

rFire   . . .      SeeInvis .   h - +0 flail {mace}
rCold   . . .      Faith    .   (no shield)
rNeg    . . .      Spirit   .   a - +0 robe
rPois   .          Reflect  .   (no helmet)
rElec   .          Harm     .   (no cloak)
rCorr   .          Rampage  .   (no gloves)
Will    +....                   (no boots)
Stlth   ++........              (no amulet)
HPRegen 0.05/turn               e - ring of willpower
MPRegen 0.11/turn               (no ring)

@: lethally poisoned (0 -> -14), invisible
A: no striking features
a: no special abilities


You were on level 2 of the Dungeon.
You visited 1 branch of the dungeon, and saw 2 of its levels.

You collected 44 gold pieces.
You spent 28 gold pieces at shops.


   Skills:
 + Level 0.4 Fighting
 + Level 2.7 Dodging
 - Level 2.4 Stealth
 + Level 3.3 Spellcasting
 + Level 1.5 Conjurations
 + Level 3.4 Fire Magic


You had 6 spell levels left.
You knew the following spells:

 Your Spells              Type           Power      Damage    Failure   Level
a - Foxfire               Conj/Fire      48%        2x1d6     5%          1

Your spell library contained the following spells:

 Spells                   Type           Power      Damage    Failure   Level
 Scorch                   Fire           32%        2d6       5%          2
 Conjure Flame            Conj/Fire      12%        6-21      16%         3
 Inner Flame              Hex/Fire       9%         N/A       22%         3
 Flame Wave               Conj/Fire      12%        2d6       47%         4

Inventory:

Hand Weapons
 c - a +0 whip {mace}
   (You found it on level 1 of the Dungeon)
 f - a +0 dagger {short}
   (You took it off a goblin on level 1 of the Dungeon)
 h - a +0 flail (weapon) {mace}
   (You found it on level 1 of the Dungeon)
 k - a +0 club {mace}
   (You took it off a kobold on level 1 of the Dungeon)
Missiles
 g - 32 stones {throwing}
Armour
 a - a +0 robe (worn)
 j - a +0 leather armour
   (You found it on level 1 of the Dungeon)
Jewellery
 e - a ring of willpower (left hand)
   (You found it on level 1 of the Dungeon)
 l - an amulet of faith {!P}
   (You found it on level 1 of the Dungeon)
Potions
 b - a potion of magic
 i - 2 potions of haste {@q3}

Dungeon Overview and Level Annotations

Branches:
Dungeon (2/15) Zot: 10860

Altars:

Shops:
D:1

? ... #.#
#.# #.#
#######.####
...........#
#<# #S# #@#
#.# #.# #.#
#.# #.# #.#
#.#


You could see an adder (unable to see you).


Message History

The foxfire hits the endoplasm.
The endoplasm hits you. 😕 HP[-1]
You take 1 damage, and now have 15/16 hp.
You hit the endoplasm.
You kill the endoplasm!
No target in view!
You conjure some foxfire! 😕 MP[-1]
You lost 1 mp, and now have 5/8 mp.
Your magical contamination has completely faded away.
You now have 18 gold pieces (gained 3).
Found a stone staircase leading down. 😎 HP[+1] MP[+3]
Your hp is fully restored (16).
Your mp is fully restored (8).
There is a stone staircase leading down here.
l - an amulet of faith {!P} You now have 23 gold pieces (gained 5).
You now have enough gold to buy a scroll of identify on this level.
You can access your shopping list by pressing '$'.
You now have 33 gold pieces (gained 10).
g - 28 stones {throwing} (gained 8)
A kobold comes into view. It is wielding a +0 dagger.
The kobold shouts!
You conjure some foxfire!
The kobold throws a stone.
The stone hits you but does no damage. 😎 MP[-1]
You lost 1 mp, and now have 7/8 mp.
You conjure some foxfire!
The foxfire hits the kobold. x2
You kill the kobold! 😎 MP[-1]
You lost 1 mp, and now have 6/8 mp.
You conjure some foxfire! 😎 MP[-1]
You lost 1 mp, and now have 5/8 mp.
No target in view!
Key pressed, stopping explore.
No target in view! 😎 MP[+2]
You regained 2 mp, and now have 7/8 mp.
g - 32 stones {throwing} (gained 4)
You see here a +0 dagger {short}.
Key pressed, stopping explore.
You now have 44 gold pieces (gained 11).
Key pressed, stopping explore.
m - a scroll labelled MUATZITWUOR 😎 MP[+1]
Your mp is fully restored (8).
There is a stone staircase leading down here.
Done exploring.
Done exploring.
You open the door.
There is an open door here.
There is an entrance to Desim's Magic Scroll Shoppe here.
Unknown command.
m - 2 scrolls of identify (gained 1) Thank you for shopping at Desim's Magic Scroll Shoppe!
There are no items here.
As you read the scroll of identify {@r1}, it crumbles to dust.
d - a potion of invisibility
As you read the scroll of identify {@r1}, it crumbles to dust.
i - 2 potions of haste
There is an open door here.
There is a stone staircase leading down here.
You climb downwards.
There is a stone staircase leading up here.
An adder is nearby!
You conjure some foxfire!
The adder hisses angrily.
The adder bites you.
You are poisoned.
The adder poisons you! 😮 HP[-4] MP[-1]
You take 4 damage, and now have 12/16 hp.
MASSIVE DAMAGE!! (PAUSE)
You lost 1 mp, and now have 7/8 mp.
You feel sick.
The foxfire hits the adder. 😮 HP[-2]
You take 2 damage, and now have 10/16 hp.
Casting: Foxfire (safe; 5% risk of failure)
Confirm with . or Enter, or press ? or * to list all spells.
You don't know that spell.
Casting: Foxfire (safe; 5% risk of failure)
Confirm with . or Enter, or press ? or * to list all spells.
You conjure some foxfire!
You feel sick. The adder bites you.
* * * LOW HITPOINT WARNING * * *
You are lethally poisoned!
The adder poisons you! 😨 HP[-2] MP[-1]
You take 2 damage, and now have 8/16 hp.
You lost 1 mp, and now have 6/8 mp.
* * * LOW HITPOINT WARNING * * *
You feel sick. The adder bites you.
* * * LOW HITPOINT WARNING * * *
You are more poisoned.
The adder poisons you! 😱 HP[-5]
You take 5 damage, and now have 3/16 hp.
MASSIVE DAMAGE!! (PAUSE)
You fade into invisibility!
You die...

Action                   || total
-------------------------++-------
Melee: Unarmed           ||     2
       Flail             ||     1
 Cast: Foxfire           ||    36
  Use: Scroll            ||     2
       Potion            ||     1
Armor: Robe              ||     2
Dodge: Dodged            ||     2

Levels and vault maps discovered:
D:1:      lightli_arrival_noodles, layout_loops_ring, serial_shops,
          nicolae_shop_hallway_plus, kennysheep_another_room,
          minmay_statues_item, minmay_misc_feat_more_columns
D:2:      minmay_razor_zed, layout_loops_ring, corexii_corridor_pit,
          minmay_tripent

Notes
Turn   | Place    | Note
-------+----------+-------------------------------------------
     0 | D:1      | mcwallace the Deep Elf Fire Elementalist began the quest
                  | for the Orb.
     0 | D:1      | Reached XP level 1. HP: 10/10 MP: 6/6
     0 | D:1      | magus.rc [v1.9.6]
   165 | D:1      | Found Desim's Magic Scroll Shoppe.
   466 | D:1      | Reached XP level 2. HP: 16/16 MP: 5/8
  1109 | D:1      | Bought a scroll of identify for 28 gold pieces
  1139 | D:2      | HP: 3/16 [adder (3)]
  1140 | D:2      | Succumbed to an adder's poison

Vanquished Creatures
  A dart slug (D:1)
  A bat (D:1)
  2 endoplasms (D:1)
  2 giant cockroaches (D:1)
  A goblin (D:1)
  2 hobgoblins (D:1)
  2 kobolds (D:1)
  A rat (D:1)
12 creatures vanquished.

Vanquished Creatures (others)
  58 foxfires
58 creatures vanquished.

Grand Total: 70 creatures vanquished

Table legend:
 A = Non-vault XP
 B = Vault XP
 C = Vault XP percentage of total XP
 D = Non-vault monster count
 E = Vault monster count
 F = Vault count percentage of total count
                 A         B        C        D         E       F
            +---------+---------+-------+---------+---------+-------
      Total |      23 |       0 |   0.0 |      12 |       0 |   0.0
            +---------+---------+-------+---------+---------+-------
        D:1 |      23 |       0 |   0.0 |      12 |       0 |   0.0
            +---------+---------+-------+---------+---------+-------

Illustrated notes

Table legend:
 A = Kills in this place as a percentage of kills in entire the game.
 B = Kills by you in this place as a percentage of kills by you in the entire game.
 C = Kills by friends in this place as a percentage of kills by friends in the entire game.
 D = Other kills in this place as a percentage of other kills in the entire game.
 E = Experience gained in this place as a percentage of experience gained in the entire game.
 F = Experience gained in this place divided by the number of levels of this place that you have seen.
                   A       B       C       D       E      F
               +-------+-------+-------+-------+-------+----------------------
         Total | 100.0 | 100.0 |   N/A |   N/A | 100.0 |  11.5
       Dungeon | 100.0 | 100.0 |   N/A |   N/A | 100.0 |  11.5
               +-------+-------+-------+-------+-------+----------------------

Table legend: (Time is in decaauts)
 A = Elapsed time spent in this place.
 B = Non-inter-level travel time spent in this place.
 C = Inter-level travel time spent in this place.
 D = Time resting spent in this place.
 E = Time spent auto-exploring this place.
 F = Levels seen in this place.
 G = Mean time per level.
                   A        B        C        D        E       F      G
               +--------+--------+--------+--------+--------+-----+--------+
         Total |   1139 |   1103 |     36 |      0 |   1018 |   2 |  569.5 |
       Dungeon |   1139 |   1103 |     36 |      0 |   1018 |   2 |  569.5 |
               +--------+--------+--------+--------+--------+-----+--------+

Top non-repeatable levels by time:
     D:1: 1134 daAuts
     D:2: 4 daAuts
